 Dungeon Crawl Stone Soup version 0.28-a0-794-gafe8c5f9e9 (webtiles) character file.

Game seed: 3905168396442364758

2566 vurker the Zephyrmancer (level 9, -7/60 HPs)
             Began as an Octopode Air Elementalist on Nov 5, 2021.
             Was an Initiate of Vehumet.
             Mangled by a yak (16 damage)
             ... on level 7 of the Dungeon.
             The game lasted 00:12:26 (10857 turns).

vurker the Zephyrmancer (OpAE)                     Turns: 10857, Time: 00:12:27

Health: -7/60      AC:  1    Str:  7    XL:     9   Next: 57%
Magic:  3/19       EV: 17    Int: 20    God:    Vehumet [......]
Gold:   506        SH:  0    Dex: 13    Spells: 16/21 levels left

rFire   . . .      SeeInvis .   b - staff of conjuration
rCold   + . .      Faith    .   (no shield)
rNeg    + . .      Spirit   .   c - +0 hat
rPois   .          Reflect  .   i - amulet of regeneration
rElec   .          Harm     .   j - ring of protection from cold
rCorr   .          Rampage  .   r - +4 ring of evasion
Will    .....                   y - ring of positive energy
Stlth   +++.......              (no ring)
HPRegen 1.20/turn               (no ring)
MPRegen 0.16/turn               (no ring)
                                (no ring)
                                (no ring)

@: no status effects
A: almost no armour, amphibious, 8 rings, camouflage 1, gelatinous body 1,
(nimble swimmer 1), tentacles
a: Renounce Religion


You were on level 7 of the Dungeon.
You worshipped Vehumet.
Vehumet was noncommittal.
You visited 2 branches of the dungeon, and saw 9 of its levels.

You collected 506 gold pieces.

Inventory:

Armour
 c - a +0 hat (worn)
   (You found it on level 7 of the Dungeon)
Magical Staves
 b - a staff of conjuration (weapon)
   (You found it on level 1 of the Dungeon)
 n - a staff of poison
   (You found it on level 3 of the Dungeon)
Jewellery
 i - an amulet of regeneration (around mantle)
   (You found it on level 6 of the Dungeon)
 j - a ring of protection from cold (left tentacle)
   (You found it on level 6 of the Dungeon)
 k - a ring of fire
   (You found it on level 7 of the Dungeon)
 r - a +4 ring of evasion (right tentacle)
   (You found it on level 8 of the Dungeon)
 y - a ring of positive energy (on tentacle)
   (You found it on level 8 of the Dungeon)
Wands
 t - a wand of flame (33)
   (You found it on level 6 of the Dungeon)
 u - a wand of paralysis (10)
   (You found it on level 4 of the Dungeon)
 x - a wand of acid (3)
   (You found it on level 7 of the Dungeon)
Scrolls
 d - 2 scrolls of fog
 e - 2 scrolls of fear
 g - a scroll of blinking
 p - 2 scrolls of identify
 q - a scroll of teleportation
Potions
 a - 2 potions of brilliance {unknown}
 f - 2 potions of curing
 h - a potion of mutation {unknown}
 l - 2 potions of cancellation
 m - a potion of invisibility
 o - a potion of attraction {unknown}
 s - a potion of lignification {unknown}
 v - a potion of flight {unknown}
 w - a potion of ambrosia {unknown}


   Skills:
 + Level 4.8 Fighting
 - Level 2.0 Dodging
 - Level 2.6 Stealth
 * Level 6.9 Spellcasting
 + Level 5.2 Conjurations
 * Level 8.0 Air Magic


You had 16 spell levels left.
You knew the following spells:

 Your Spells              Type           Power      Damage    Failure   Level
a - Shock                 Conj/Air       100%       1d9       1%          1
c - Airstrike             Air            19%        N/A       3%          4

Your spell library contained the following spells:

 Spells                   Type           Power      Damage    Failure   Level
 Magic Dart               Conj           100%       1d8       1%          1
 Static Discharge         Conj/Air       50%        N/A       1%          2
 Swiftness                Air            39%        N/A       1%          3
 Mephitic Cloud           Conj/Pois/Air  37%        N/A       4%          3
 Conjure Flame            Conj/Fire      26%        6-21      10%         3
 Dazzling Flash           Conj/Hex       52%        N/A       10%         3
 Blink                    Tloc           12%        N/A       14%         2
 Call Imp                 Summ           6%         N/A       14%         2
 Ensorcelled Hibernation  Hex/Ice        12%        N/A       14%         2
 Ignite Poison            Fire/Tmut/Pois 6%         N/A       28%         3
 Lesser Beckoning         Tloc           6%         N/A       28%         3
 Tukima's Dance           Hex            6%         N/A       28%         3
 Sticky Flame             Conj/Fire      26%        2d5       32%         4
 Silence                  Hex/Air        11%        N/A       45%         5
 Passage of Golubria      Tloc           6%         N/A       67%         4
 Agony                    Necr           6%         N/A       95%         5
 Manifold Assault         Tloc           6%         N/A       95%         5
 Lehudib's Crystal Spear  Conj/Erth      13%        10d4      100%        8


Dungeon Overview and Level Annotations

Branches:
Dungeon (8/15)             Temple (1/1) D:6
   Lair: D:8-11

Altars:
Cheibriados
Fedhas
Nemelex Xobeh
Okawaru
Vehumet
Wu Jian
Xom
Yredelemnul
Zin

Shops:
D:4 (   D:7 (([!

Annotations:
D:6 exclusion: yak


Innate Abilities, Weirdness & Mutations

You cannot wear most types of armour.
You are amphibious.
You can wear up to eight rings at the same time.
Your skin changes colour to match your surroundings (Stealth+).
Your rubbery body absorbs attacks. (AC +1, EV +1)
((You are camouflaged near water. (Stealth+)))
You have tentacles for arms and can constrict up to eight enemies at once.


Message History

The air twists around and strikes the yak!
Aim: a yak (heavily wounded, empty space bonus: 5/8)
The air twists around and strikes the yak!
Aim: a yak (almost dead, empty space bonus: 4/8)
The air twists around and strikes the yak!
You kill the yak!
Vehumet accepts your kill.
You hear a bellow!
A yak comes into view. x2
You see here 3 atropa-tipped darts.
You feel a surge of power!
The zap hits the yak. x2
You feel a surge of power!
The zap hits the yak.
You feel a surge of power!
The zap hits the yak but does no damage.
The yak gores you.
You feel a surge of power!
The zap hits the yak!
The yak closely misses you.
You feel a surge of power!
The zap hits the yak.
The zap hits the yak!
The yak closely misses you.
You feel a surge of power!
The zap hits the yak.
The zap hits the yak! x2
The zap misses the yak.
The yak barely misses you.
You feel a surge of power!
The zap hits the yak!
You kill the yak!
Vehumet accepts your kill.
The zap hits the yak but does no damage.
The zap misses the yak.
The yak bellows!
Your Air Magic skill increases to level 8!
There is a stone staircase leading down here.
There is a stone staircase leading up here.
You climb upwards.
There is a stone staircase leading down here.
Aim: a yak (moderately wounded, 84% to hit)
You feel a surge of power!
The zap hits the yak.
The yak gores you!
Aim: a yak (heavily wounded, 84% to hit)
You feel a surge of power!
The zap hits the yak but does no damage.
The yak barely misses you.
You hit the yak but do no damage. The yak completely misses you. x2
You hit the yak. Your squeeze misses the yak. The yak misses you.
You hit the yak. You squeeze the yak. The yak gores you!
You hit the yak but do no damage. The yak gores you!
You hit the yak but do no damage. The yak gores you!
* * * LOW HITPOINT WARNING * * *
You hit the yak. The yak gores you!
* * * LOW HITPOINT WARNING * * *
The yak gores you!
* * * LOW HITPOINT WARNING * * *
Aim: a yak (severely wounded, 83% to hit)
The bolt of acid hits the yak!
The acid corrodes the yak!
The yak gores you!
You die...

..# #.##.###..?.# #.#
#####.........#.#
..###.........###.#.###
..#...................#
..#.#........####...#.#
.##.#######........##.#
#..[# ############....#
#.#####....############
...............Y@#
#####......#.##### .#
#......#.####
.####......#....#
.#h##......####.#
##.#######.####.#
##†....# #....#.#
lo.###.# ####.#.#
...F.#.# #.#.#


You could see a yak (corroded).

Vanquished Creatures
  Maggie (D:8)
  Eustachio (D:6)
  2 yaks (D:8)
  Menkaure (D:4)
  A black bear (D:4)
  A necrophage (D:8)
  An orc warrior (D:7)
  An ogre (D:4)
  2 centaurs
  3 bullfrogs
  A scorpion (D:3)
  3 wights (D:8)
  2 centaur zombies
  4 hounds
  2 jellies
  2 orc priests (D:4)
  A centaur skeleton (D:7)
  A bullfrog skeleton (D:5)
  3 iguanas
  Natasha (thrice) (D:3)
  6 orc wizards
  A hound skeleton (D:4)
  A howler monkey zombie (D:8)
  4 adders
  3 gnolls (D:4)
  A worm (D:3)
  2 dart slugs (D:1)
  20 orcs
  7 bats
  5 endoplasms
  4 giant cockroaches
  13 goblins
  3 hobgoblins
  3 quokkas
  8 ball pythons
  2 frilled lizards
  5 kobolds
  7 rats
131 creatures vanquished.

Notes
Turn   | Place    | Note
-------+----------+-------------------------------------------
     0 | D:1      | vurker the Octopode Air Elementalist began the quest for
                  | the Orb.
     0 | D:1      | Reached XP level 1. HP: 11/11 MP: 3/3
   265 | D:1      | Reached XP level 2. HP: 18/18 MP: 1/5
   784 | D:1      | Reached XP level 3. HP: 18/22 MP: 1/6
  1436 | D:2      | Reached skill level 1 in Fighting
  1907 | D:2      | Found a faded altar of an unknown god.
  2216 | D:3      | Noticed a scorpion
  2218 | D:3      | Reached XP level 4. HP: 28/28 MP: 5/8
  2222 | D:3      | Killed a scorpion
  2223 | D:3      | Reached skill level 4 in Air Magic
  2323 | D:3      | Learned a level 4 spell: Airstrike
  2356 | D:3      | Reached XP level 5. HP: 24/33 MP: 4/9
  3234 | D:3      | Reached XP level 6. HP: 36/39 MP: 7/11
  3272 | D:3      | Noticed Natasha
  3278 | D:3      | Killed Natasha
  3392 | D:3      | Found an iron altar of Okawaru.
  3538 | D:3      | Found a sparkling altar of Nemelex Xobeh.
  3789 | D:3      | Found an iron altar of Okawaru.
  3867 | D:3      | Found a sparkling altar of Nemelex Xobeh.
  3957 | D:3      | Noticed Natasha
  3963 | D:3      | Killed Natasha
  4261 | D:3      | Noticed Natasha
  4269 | D:3      | Killed Natasha
  4579 | D:3      | Found a sparkling altar of Nemelex Xobeh.
  4580 | D:3      | Found an iron altar of Okawaru.
  5157 | D:4      | Reached skill level 5 in Air Magic
  5397 | D:4      | Reached XP level 7. HP: 45/45 MP: 8/13
  5566 | D:4      | Noticed Menkaure
  5575 | D:4      | Killed Menkaure
  6459 | D:4      | Found a shimmering altar of Xom.
  6593 | D:4      | Reached XP level 8. HP: 52/52 MP: 11/15
  6726 | D:4      | Found Naomyoxu's Weapon Shoppe.
  6879 | D:5      | Entered Level 5 of the Dungeon
  7044 | D:5      | Reached skill level 5 in Spellcasting
  7119 | D:5      | Reached skill level 6 in Air Magic
  8176 | D:6      | Noticed a yak
  8215 | D:6      | Noticed Eustachio
  8234 | D:6      | Killed Eustachio
  8590 | D:6      | Found a staircase to the Ecumenical Temple.
  8640 | Temple   | Entered the Ecumenical Temple
  8709 | Temple   | Became a worshipper of Vehumet
  9035 | D:7      | Found Podyff's Weapon Boutique.
  9037 | D:7      | Found Xeipul's Weapon Emporium.
  9088 | D:7      | Found Cashrud's Armour Shoppe.
  9377 | D:7      | Reached skill level 7 in Air Magic
  9574 | D:7      | Reached XP level 9. HP: 45/58 MP: 8/18
  9772 | D:7      | Found Coileuv's Distillery.
 10019 | D:8      | Found a glowing silver altar of Zin.
 10467 | D:8      | Noticed Maggie
 10474 | D:8      | Killed Maggie
 10475 | D:8      | Reached skill level 5 in Conjurations
 10799 | D:8      | Found a snail-covered altar of Cheibriados.
 10826 | D:8      | Reached skill level 8 in Air Magic
 10857 | D:7      | Mangled by a yak

Illustrated notes

Levels and vault maps discovered:
D:1:      noname_arrival_rooms_in_the_neighbourhood, layout_loops_ring,
          chequers_serial_rivers_large_b, minmay_pentomino_u4
D:2:      layout_basic, shapermc_ecumenical_altar_mp_ritualfount,
          lemuel_old_faithful
D:3:      layout_basic, nemelex_diamond_rough_becter, amcnicky_altar_gilded,
          uniq_natasha
D:4:      layout_basic, tgw_xom, serial_shops, shop, uniq_menkaure
D:5:      layout_basic, kennysheep_small_circle
D:6:      layout_basic, minmay_temple_entry_enclosed_plants, hex_intersection,
          hex_medium, minivault_23, amcnicky_mini_rare_corridor_liquid,
          uniq_eustachio
D:7:      layout_basic, serial_shops, shop_statue, shop_fountains, shop_statue,
          nicolae_shop_behind_doors
D:8:      layout_basic, lemuel_crystal_altar, mainiacjoe_overflow_boulevard,
          minmay_crossroads, uniq_maggie
Temple:   nicolae_temple_figure_eight

Skill      XL: |  1  2  3  4  5  6  7  8  9 |
---------------+----------------------------+-----
Fighting       | 1 2 3 4 |  4.8
Spellcasting   | 3 4 6 |  6.9
Conjurations   | 2 3 4 5 |  5.2
Air Magic      | 4 5 7 8 |  8.0
Dodging        | |  2.0
Stealth        | |  2.6

Action                   |  1- 3 |  4- 6 |  7- 9 || total
-------------------------+-------+-------+-------++-------
Melee: Unarmed           |     8 |       |       ||     8
       Tentacles         |     2 |       |     3 ||     5
       Staff             |     5 |     3 |    23 ||    31
       Constrict         |     3 |     1 |       ||     4
 Cast: Shock             |    63 |    90 |    94 ||   247
       Airstrike         |       |       |    58 ||    58
Evoke: Wand              |       |       |    10 ||    10
  Use: Scroll            |       |       |    16 ||    16
 Stab: Paralysed         |       |       |    13 ||    13
Armor: Skin              |     1 |       |     2 ||     3
Dodge: Dodged            |     8 |     6 |    34 ||    48

Table legend: (Time is in decaauts)
 A = Elapsed time spent in this place.
 B = Non-inter-level travel time spent in this place.
 C = Inter-level travel time spent in this place.
 D = Time resting spent in this place.
 E = Time spent auto-exploring this place.
 F = Levels seen in this place.
 G = Mean time per level.
                   A        B        C        D        E       F      G
               +--------+--------+--------+--------+--------+-----+--------+
         Total |  10850 |  10687 |    163 |    131 |   9521 |   9 | 1205.6 |
       Dungeon |  10761 |  10616 |    145 |    131 |   9456 |   8 | 1345.1 |
        Temple |     88 |     70 |     18 |      0 |     65 |   1 |   88.0 |
               +--------+--------+--------+--------+--------+-----+--------+

Top non-repeatable levels by time:
     D:3: 2731 daAuts
     D:4: 1921 daAuts
     D:1: 1309 daAuts
     D:7: 1279 daAuts
     D:2: 930 daAuts
     D:6: 895 daAuts
     D:5: 854 daAuts
     D:8: 839 daAuts
  Temple: 88 daAuts
